 Dungeon Crawl Stone Soup version 0.29.0-4-gdea44cf6ec (webtiles) character file.

Game seed: 14098123615983030910

12721 qw the Brawler (level 11, -4/105 HPs)
             Began as a Troll Cinder Acolyte on Sept 2, 2022.
             Was an Initiate of Okawaru.
             Slain by a fire elemental (9 damage)
             ... created by the fiery vengeance of Ignis
             ... on level 1 of the Lair of Beasts.
             The game lasted 00:06:17 (11168 turns).

qw the Brawler (Troll Cinder Acolyte)              Turns: 11168, Time: 00:06:17

Health: -4/105     AC: 12    Str: 28    XL:     11   Next: 66%
Magic:  11/11      EV:  8    Int: 10    God:    Okawaru [......]
Gold:   350        SH:  0    Dex:  5    Spells: 12/12 levels left

rFire   . . .      SeeInvis .     - Unarmed
rCold   . . .      Faith    .   (no shield)
rNeg    . . .      Spirit   .   e - +1 swamp dragon scales
rPois   +          Reflect  .   (helmet restricted)
rElec   .          Harm     .   c - +0 cloak
rCorr   .          Rampage  .   (gloves unavailable)
Will    .....                   (boots unavailable)
Stlth   ..........              (no amulet)
HPRegen 1.07/turn               (no ring)
MPRegen 0.12/turn               (no ring)

@: about to teleport, fire susceptible
A: large, unfitting armour, claws 3, regeneration 1, shaggy fur 1, tough skin 1,
mutation resistance 1
a: Renounce Religion


You were on level 1 of the Lair of Beasts.
You worshipped Okawaru.
Okawaru was noncommittal.
You visited 3 branches of the dungeon, and saw 12 of its levels.
You also visited: Sewer.

You collected 742 gold pieces.
You spent 392 gold pieces at shops.


Innate Abilities, Weirdness & Mutations

You are too large for most types of armour.
You have claws for hands.
Your natural rate of healing is unusually fast.
You are covered in fur. (AC +1)
You have tough skin. (AC +1)
You are somewhat resistant to further mutation.


   Skills:
 - Level 6.1 Fighting
 - Level 6.3 Throwing
 - Level 3.1 Armour
 - Level 1.1 Dodging
 + Level 15.6 Unarmed Combat
 - Level 1.0 Spellcasting
 - Level 2.1 Fire Magic


You had 12 spell levels left.
You didn't know any spells.
Your spell library contained the following spells:

 Spells                   Type           Power      Damage    Failure   Level
 Scorch                   Fire           8%         2d5       30%         2

Inventory:

Missiles
 k - a javelin (quivered)
 m - 7 boomerangs
Armour
 a - the +0 robe of the Guardian {rF++ Regen+ Str-4}
   (You acquired it on level 10 of the Dungeon)

   Str:       It affects your strength (-4).
   rF:        It greatly protects you from fire.
   Regen:     It increases your rate of health regeneration.
 c - a +0 cloak (worn)
 e - +1 swamp dragon scales (worn)
Jewellery
 l - a ring of poison resistance
Scrolls
 b - a scroll of identify
Potions
 f - 4 potions of curing
 g - a potion of resistance
 h - 3 potions of haste
 i - 4 potions of mutation
 n - 3 potions of might
 o - 4 potions of cancellation

Dungeon Overview and Level Annotations

Branches:
Dungeon (10/15)            Temple (1/1) D:5            Lair (1/5) D:10
  Sewer (visited)
    Orc: D:9-12

Altars:
Ashenzari
Cheibriados
Dithmenos
Elyvilon
Fedhas
Gozag
Hepliaklqana
Kikubaaqudgha
Makhleb
Nemelex Xobeh
Okawaru
Qazlal
Ru
Sif Muna
Trog
Uskayaw
Vehumet
Wu Jian
Xom
Yredelemnul
Zin
The Shining One

Shops:
D:7 !   D:8 *   D:10 [

Annotations:
D:4 1 runed translucent door, qw's ghost, novice TrCA
D:8 1 runed translucent door, qw's ghost, novice TrCA
D:9 4 runed translucent doors


Message History

You scratch the fire elemental but do no damage.
The fire elemental hits you. The fire elemental burns you!
The fire elemental barely misses you.
You mangle the fire elemental!!
The fire elemental is heavily damaged.
The fire elemental closely misses you. The fire elemental hits you.
The fire elemental burns you!
You eviscerate the fire elemental!!!
You destroy the fire elemental!
That felt strangely unrewarding.
The fire elemental closely misses you.
You eviscerate the fire elemental!!!
You destroy the fire elemental!
That felt strangely unrewarding.
The fire elemental hits you. The fire elemental burns you!
You barely miss the fire elemental. The fire elemental hits you.
The fire elemental burns you!
You mangle the fire elemental!!
The fire elemental is severely damaged.
A water moccasin comes into view.
The fire elemental hits you. The fire elemental burns you!
You barely miss the fire elemental.
The fire elemental is severely damaged.
The water moccasin hisses angrily.
The cane toad stings you but does no damage.
The fire elemental hits you. The fire elemental burns you!
11166 ||| READING scroll of teleportation.
As you read the scroll of teleportation, it crumbles to dust.
You feel strangely unstable. The cane toad stings you!
The fire elemental completely misses you.
You closely miss the fire elemental.
The fire elemental is severely damaged.
The cane toad stings you but does no damage.
The fire elemental hits you. The fire elemental burns you!
You scratch the fire elemental.
The fire elemental is almost destroyed.
The cane toad barely misses you. The fire elemental hits you.
The fire elemental burns you!
You die...

### ##.# # ..##
###.### #.# #####
### ###.......
#.###...#
#.####S.0....F(
..##....#
#...##F#######.
..###...###...##@#
...............#E#
..######.........#
.## #......#..# .#
###.....#.# ##
#....##.# ####...
#P........
...........!..#...#
####...##.....#....


You could see a cane toad, a fire elemental and a water moccasin.

Vanquished Creatures
  A two-headed ogre (D:10)
  A tengu warrior (D:9)
  2 ugly things (D:9)
  Joseph (D:9)
  2 cane toads (Lair:1)
  A rime drake (Lair:1)
  A kobold demonologist (D:10)
  Maggie (D:9)
  A komodo dragon (D:10)
  A hornet (D:9)
  Prince Ribbit (D:9)
  A wraith (D:9)
  15 yaks
  2 wyverns (D:9)
  Eustachio (D:4)
  2 fire elementals (Lair:1)
  2 steam dragons
  4 water moccasins
  Edmund (D:4)
  An acid dragon (D:9)
  3 orc warriors
  5 ice beasts
  2 ogres (D:6)
  7 centaurs
  2 phantoms
  5 kobold brigands
  A gnoll sergeant (D:10)
  9 bullfrogs
  Blork the orc (D:6)
  A scorpion (D:6)
  10 wights
  6 killer bees
  2 howler monkeys
  An electric eel (D:8)
  A lava snake (D:7)
  2 jellies
  7 hounds
  5 orc priests
  7 iguanas
  Ijyb (D:5)
  7 orc wizards
  5 gnolls
  11 adders
  A river rat (D:3)
  2 white imps
  A worm (D:3)
  2 dart slugs
  42 orcs
  13 endoplasms
  7 giant cockroaches
  3 goblins
  10 hobgoblins
  13 jackals
  16 kobolds
  8 quokkas
  17 ball pythons
  7 bats
  10 frilled lizards
  10 rats
305 creatures vanquished.

Vanquished Creatures (others)
  Maurice (D:10)
  5 plants (D:10)
6 creatures vanquished.

Grand Total: 311 creatures vanquished

Notes
Turn   | Place    | Note
-------+----------+-------------------------------------------
     0 | D:1      | qw the Troll Cinder Acolyte began the quest for the Orb.
     0 | D:1      | Reached XP level 1. HP: 22/22 MP: 1/1
     0 | D:1      | 0 ||| qw: Version: 0.1-a-97-g2dd2ca4
     0 | D:1      | 0 ||| qw: Game counter: 4924
     0 | D:1      | 0 ||| qw: Always use a shield: true
     0 | D:1      | 0 ||| qw: God list: Okawaru
     0 | D:1      | 0 ||| qw: Allow faded altars: false
     0 | D:1      | 0 ||| qw: Do Orc after D:15 true
     0 | D:1      | 0 ||| qw: Do second Lair branch before Depths: true
     0 | D:1      | 0 ||| qw: Lair rune preference: random
     0 | D:1      | 0 ||| qw: Plans: Normal
     0 | D:1      | 0 ||| PLANNING D:1-11
    96 | D:1      | 96 ||| Stepping ~*~*~tactically~*~*~ (stealth).
    98 | D:1      | 98 ||| Stepping ~*~*~tactically~*~*~ (stealth).
   106 | D:1      | Reached XP level 2. HP: 29/29 MP: 2/2
   273 | D:1      | 273 ||| Stepping ~*~*~tactically~*~*~ (outnumbered).
   278 | D:1      | Reached skill level 4 in Unarmed Combat
   512 | D:1      | 512 ||| READING scroll labelled OTTE QARPHALOAH.
   513 | D:1      | 513 ||| READING scroll labelled HEFUNWE UTU.
   514 | D:1      | 514 ||| READING scroll labelled KELUQA ROKE.
   515 | D:1      | 515 ||| DRINKING 2 fizzy orange potions.
   515 | D:1      | Gained mutation: You occasionally lose the ability to drink
                  | potions when taking damage. [potion of mutation]
   515 | D:1      | Gained mutation: You sometimes lose the ability to drink
                  | potions when taking damage. [potion of mutation]
   516 | D:1      | 516 ||| DRINKING potion of mutation.
   516 | D:1      | Lost mutation: You sometimes lose the ability to drink
                  | potions when taking damage. [potion of mutation]
   516 | D:1      | Lost mutation: You occasionally lose the ability to drink
                  | potions when taking damage. [potion of mutation]
   516 | D:1      | Gained mutation: You are somewhat resistant to further
                  | mutation. [potion of mutation]
   517 | D:1      | 517 ||| Stepping randomly (stuck).
   518 | D:1      | 518 ||| Stepping ~*~*~tactically~*~*~ (cloud).
   572 | D:2      | 572 ||| STAIRDANCE
   656 | D:2      | Reached XP level 3. HP: 36/36 MP: 3/3
  1233 | D:2      | Found a faded altar of an unknown god.
  1242 | D:2      | 1242 ||| Stepping ~*~*~tactically~*~*~ (stealth).
  1245 | D:2      | 1245 ||| Stepping ~*~*~tactically~*~*~ (stealth).
  1246 | D:2      | 1246 ||| Stepping ~*~*~tactically~*~*~ (stealth).
  1248 | D:2      | 1248 ||| Stepping ~*~*~tactically~*~*~ (stealth).
  1249 | D:2      | 1249 ||| Stepping ~*~*~tactically~*~*~ (stealth).
  1316 | D:2      | Reached XP level 4. HP: 44/44 MP: 4/4
  1445 | D:2      | 1445 ||| READING scroll labelled ODWUEM NEURUOSS.
  1449 | D:2      | 1449 ||| READING scroll labelled XUJ YVEOTTIOWE.
  1468 | D:3      | 1468 ||| PLANNING SEWER
  1546 | D:3      | Reached skill level 5 in Unarmed Combat
  1744 | D:3      | Found a glowing drain.
  1745 | D:3      | 1745 ||| DRINKING 2 white potions.
  1754 | Sewer    | Entered a sewer
  1763 | Sewer    | Reached XP level 5. HP: 50/50 MP: 5/5
  1780 | Sewer    | 1780 ||| Stepping ~*~*~tactically~*~*~ (outnumbered).
  1781 | Sewer    | 1781 ||| Stepping ~*~*~tactically~*~*~ (outnumbered).
  1782 | Sewer    | 1782 ||| Stepping ~*~*~tactically~*~*~ (outnumbered).
  1783 | Sewer    | 1783 ||| Stepping ~*~*~tactically~*~*~ (outnumbered).
  2004 | Sewer    | Reached skill level 6 in Unarmed Combat
  2103 | Sewer    | 2103 ||| INVOKING Fiery Armour.
  2106 | Sewer    | Reached XP level 6. HP: 25/59 MP: 6/6
  2162 | D:3      | 2162 ||| PLANNING D:1-11
  2224 | D:3      | 2224 ||| Stepping ~*~*~tactically~*~*~ (outnumbered).
  2311 | D:3      | Found a burning altar of Makhleb.
  2315 | D:3      | Reached skill level 1 in Throwing
  2317 | D:3      | Found a sparkling altar of Nemelex Xobeh.
  2925 | D:4      | Found a runed translucent door.
  2926 | D:4      | Noticed qw's ghost (novice TrCA)
  2939 | D:4      | 2939 ||| Stepping ~*~*~tactically~*~*~ (stealth).
  2956 | D:4      | Reached skill level 7 in Unarmed Combat
  2957 | D:4      | 2957 ||| Stepping ~*~*~tactically~*~*~ (outnumbered).
  2958 | D:4      | 2958 ||| Stepping ~*~*~tactically~*~*~ (outnumbered).
  2959 | D:4      | 2959 ||| Stepping ~*~*~tactically~*~*~ (outnumbered).
  3062 | D:4      | Noticed Edmund
  3073 | D:4      | Killed Edmund
  3396 | D:4      | Noticed an ice beast
  3404 | D:4      | Killed an ice beast
  3405 | D:4      | Reached skill level 8 in Unarmed Combat
  3405 | D:4      | Reached XP level 7. HP: 59/66 MP: 7/7
  3481 | D:4      | Noticed Eustachio
  3498 | D:4      | 3498 ||| Stepping ~*~*~tactically~*~*~ (outnumbered).
  3501 | D:4      | 3501 ||| Stepping ~*~*~tactically~*~*~ (outnumbered).
  3503 | D:4      | 3503 ||| Stepping ~*~*~tactically~*~*~ (outnumbered).
  3504 | D:4      | 3504 ||| Stepping ~*~*~tactically~*~*~ (outnumbered).
  3505 | D:4      | 3505 ||| Stepping ~*~*~tactically~*~*~ (outnumbered).
  3509 | D:4      | 3509 ||| Stepping ~*~*~tactically~*~*~ (stealth).
  3514 | D:4      | Killed Eustachio
  3515 | D:4      | Reached skill level 3 in Fighting
  3594 | D:4      | 3594 ||| Stepping ~*~*~tactically~*~*~ (stealth).
  3595 | D:4      | 3595 ||| Stepping ~*~*~tactically~*~*~ (stealth).
  3600 | D:4      | 3600 ||| Stepping ~*~*~tactically~*~*~ (stealth).
  3603 | D:4      | 3603 ||| Stepping ~*~*~tactically~*~*~ (outnumbered).
  3936 | D:4      | 3936 ||| DRINKING 2 cyan potions.
  3937 | D:4      | 3937 ||| DRINKING 2 grey potions.
  3938 | D:4      | 3938 ||| DROPPING potion of magic.
  3955 | D:5      | Entered Level 5 of the Dungeon
  3958 | D:5      | 3958 ||| STAIRDANCE
  3965 | D:5      | 3965 ||| STAIRDANCE
  3973 | D:4      | 3973 ||| INVOKING Fiery Armour.
  4018 | D:5      | 4018 ||| STAIRDANCE
  4022 | D:4      | Reached skill level 3 in Throwing
  4038 | D:5      | 4038 ||| STAIRDANCE
  4127 | D:5      | Noticed Ijyb
  4128 | D:5      | 4128 ||| Stepping ~*~*~tactically~*~*~ (hiding).
  4144 | D:5      | Killed Ijyb
  4212 | D:5      | Reached XP level 8. HP: 78/78 MP: 8/8
  4253 | D:5      | 4253 ||| Stepping ~*~*~tactically~*~*~ (hiding).
  4266 | D:5      | 4266 ||| Stepping ~*~*~tactically~*~*~ (stealth).
  4267 | D:5      | 4267 ||| DRINKING potion of curing.
  4267 | D:5      | 4267 ||| (to cure confusion)
  4278 | D:5      | 4278 ||| Stepping ~*~*~tactically~*~*~ (stealth).
  4280 | D:5      | 4280 ||| Stepping ~*~*~tactically~*~*~ (stealth).
  4284 | D:5      | 4284 ||| Stepping ~*~*~tactically~*~*~ (hiding).
  4332 | D:5      | Found a staircase to the Ecumenical Temple.
  4361 | D:5      | 4361 ||| Stepping ~*~*~tactically~*~*~ (stealth).
  4364 | D:5      | 4364 ||| Stepping ~*~*~tactically~*~*~ (stealth).
  4365 | D:5      | 4365 ||| Stepping ~*~*~tactically~*~*~ (stealth).
  4542 | D:5      | Reached skill level 9 in Unarmed Combat
  4716 | D:5      | 4716 ||| Stepping ~*~*~tactically~*~*~ (stealth).
  4786 | D:5      | Found a stormy altar of Qazlal.
  4872 | D:5      | 4872 ||| DROPPING amulet of magic regeneration.
  4873 | D:5      | 4873 ||| READING 2 scrolls of identify.
  4873 | D:5      | 4873 ||| IDENTIFYING murky blue potion
  4874 | D:5      | 4874 ||| DROPPING potion of lignification.
  4895 | D:6      | Reached skill level 1 in Dodging
  4953 | D:6      | 4953 ||| Stepping ~*~*~tactically~*~*~ (stealth).
  4960 | D:6      | 4960 ||| Stepping ~*~*~tactically~*~*~ (stealth).
  4962 | D:6      | 4962 ||| Stepping ~*~*~tactically~*~*~ (stealth).
  4969 | D:6      | 4969 ||| Stepping ~*~*~tactically~*~*~ (hiding).
  4995 | D:6      | Reached skill level 10 in Unarmed Combat
  4999 | D:6      | 4999 ||| Stepping ~*~*~tactically~*~*~ (hiding).
  5149 | D:6      | 5149 ||| Stepping ~*~*~tactically~*~*~ (stealth).
  5159 | D:6      | 5159 ||| FLEEEEING.
  5162 | D:6      | 5162 ||| STAIRDANCE
  5171 | D:5      | 5171 ||| READING scroll labelled HUZO SYNUDITUGO.
  5172 | D:5      | 5172 ||| READING scroll labelled AFFINO PUWIPI.
  5184 | D:6      | 5184 ||| Stepping ~*~*~tactically~*~*~ (hiding).
  5242 | D:6      | Reached XP level 9. HP: 84/84 MP: 9/9
  5256 | D:6      | 5256 ||| Stepping ~*~*~tactically~*~*~ (stealth).
  5257 | D:6      | 5257 ||| Stepping ~*~*~tactically~*~*~ (stealth).
  5266 | D:6      | 5266 ||| Stepping ~*~*~tactically~*~*~ (stealth).
  5272 | D:6      | 5272 ||| Stepping ~*~*~tactically~*~*~ (stealth).
  5273 | D:6      | 5273 ||| Stepping ~*~*~tactically~*~*~ (stealth).
  5277 | D:6      | Noticed Blork the orc
  5287 | D:6      | 5287 ||| INVOKING Fiery Armour.
  5291 | D:6      | Killed Blork the orc
  5292 | D:6      | Reached skill level 11 in Unarmed Combat
  5347 | D:6      | 5347 ||| Stepping ~*~*~tactically~*~*~ (hiding).
  5353 | D:6      | 5353 ||| Stepping ~*~*~tactically~*~*~ (outnumbered).
  5356 | D:6      | 5356 ||| Stepping ~*~*~tactically~*~*~ (outnumbered).
  5472 | D:6      | Found a shimmering altar of Xom.
  5564 | D:6      | Found the +7 staff of the Meek {protect, meekguard}
  5675 | D:6      | 5675 ||| UPGRADING to +1 robe of willpower.
  5685 | D:6      | 5685 ||| DROPPING +0 robe.
  5686 | D:6      | 5686 ||| READING scroll labelled IQAENIETES.
  5726 | D:6      | 5726 ||| READING 2 scrolls of identify.
  5726 | D:6      | 5726 ||| IDENTIFYING golden potion
  5880 | D:7      | 5880 ||| Stepping ~*~*~tactically~*~*~ (hiding).
  5882 | D:7      | 5882 ||| Stepping ~*~*~tactically~*~*~ (stealth).
  5884 | D:7      | 5884 ||| Stepping ~*~*~tactically~*~*~ (hiding).
  5889 | D:7      | 5889 ||| INVOKING Fiery Armour.
  5898 | D:7      | 5898 ||| FLEEEEING.
  5899 | D:7      | 5899 ||| FLEEEEING.
  5900 | D:7      | 5900 ||| FLEEEEING.
  5901 | D:7      | 5901 ||| FLEEEEING.
  5902 | D:7      | 5902 ||| FLEEEEING.
  5903 | D:7      | 5903 ||| FLEEEEING.
  5904 | D:7      | 5904 ||| FLEEEEING.
  5905 | D:7      | 5905 ||| FLEEEEING.
  5906 | D:7      | 5906 ||| STAIRDANCE
  5917 | D:6      | 5917 ||| READING scroll labelled TOLLUNKEOLYO.
  5918 | D:6      | 5918 ||| READING scroll labelled OQYRCH SIYT.
  5919 | D:6      | 5919 ||| DRINKING 2 viscous clear potions.
  5956 | D:7      | Found Inuuwk's Distillery.
  6057 | D:7      | 6057 ||| Stepping ~*~*~tactically~*~*~ (hiding).
  6059 | D:7      | Reached skill level 12 in Unarmed Combat
  6061 | D:7      | 6061 ||| Stepping ~*~*~tactically~*~*~ (outnumbered).
  6348 | D:7      | 6348 ||| Stepping ~*~*~tactically~*~*~ (outnumbered).
  6352 | D:7      | 6352 ||| Stepping ~*~*~tactically~*~*~ (outnumbered).
  6353 | D:7      | 6353 ||| INVOKING Fiery Armour.
  6357 | D:7      | 6357 ||| Stepping ~*~*~tactically~*~*~ (outnumbered).
  6358 | D:7      | 6358 ||| Stepping ~*~*~tactically~*~*~ (outnumbered).
  6383 | D:7      | 6383 ||| FLEEEEING.
  6451 | D:7      | 6451 ||| Stepping ~*~*~tactically~*~*~ (stealth).
  6710 | D:7      | 6710 ||| BUYING potion of cancellation (112 gold).
  6710 | D:7      | Bought a potion of cancellation for 112 gold pieces
  6710 | D:7      | 6710 ||| BUYING potion of might (56 gold).
  6710 | D:7      | Bought a potion of might for 56 gold pieces
  6710 | D:7      | 6710 ||| BUYING potion of might (56 gold).
  6710 | D:7      | Bought a potion of might for 56 gold pieces
  6710 | D:7      | 6710 ||| BUYING potion of resistance (140 gold).
  6710 | D:7      | Bought a potion of resistance for 140 gold pieces
  6710 | D:7      | 6710 ||| READING 2 scrolls of identify.
  6710 | D:7      | 6710 ||| IDENTIFYING lumpy brown potion
  6711 | D:7      | 6711 ||| DROPPING potion of brilliance.
  6923 | D:8      | 6923 ||| Stepping ~*~*~tactically~*~*~ (outnumbered).
  6945 | D:8      | Found a bloodstained altar of Trog.
  7088 | D:8      | 7088 ||| Stepping ~*~*~tactically~*~*~ (hiding).
  7089 | D:8      | 7089 ||| Stepping ~*~*~tactically~*~*~ (hiding).
  7090 | D:8      | 7090 ||| Stepping ~*~*~tactically~*~*~ (hiding).
  7255 | D:8      | 7255 ||| Stepping ~*~*~tactically~*~*~ (stealth).
  7439 | D:8      | Found a runed translucent door.
  7439 | D:8      | Noticed qw's ghost (novice TrCA)
  7445 | D:8      | Found Zohah's General Store.
  7454 | D:8      | 7454 ||| BUYING scroll of identify (28 gold).
  7454 | D:8      | Bought a scroll of identify for 28 gold pieces
  7503 | D:8      | 7503 ||| Stepping ~*~*~tactically~*~*~ (hiding).
  7514 | D:8      | Reached XP level 10. HP: 92/96 MP: 10/10
  7672 | D:8      | 7672 ||| FLEEEEING.
  7673 | D:8      | 7673 ||| FLEEEEING.
  7674 | D:8      | 7674 ||| FLEEEEING.
  7715 | D:8      | 7715 ||| INVOKING Fiery Armour.
  7769 | D:8      | 7769 ||| FLEEEEING.
  7770 | D:8      | 7770 ||| FLEEEEING.
  7771 | D:8      | 7771 ||| FLEEEEING.
  7773 | D:8      | 7773 ||| Stepping ~*~*~tactically~*~*~ (stealth).
  7782 | D:8      | 7782 ||| Stepping ~*~*~tactically~*~*~ (stealth).
  7794 | D:8      | 7794 ||| Stepping ~*~*~tactically~*~*~ (outnumbered).
  7959 | D:8      | 7959 ||| READING scroll labelled ZIARAEBARE.
  7960 | D:8      | 7960 ||| READING 5 scrolls of identify.
  7960 | D:8      | 7960 ||| IDENTIFYING glowing blue potion
  7961 | D:8      | 7961 ||| READING 4 scrolls of identify.
  7961 | D:8      | 7961 ||| IDENTIFYING orange potion
  7962 | D:8      | 7962 ||| READING 3 scrolls of identify.
  7962 | D:8      | 7962 ||| IDENTIFYING pink potion
  7963 | D:8      | 7963 ||| DROPPING potion of invisibility.
  7964 | D:8      | 7964 ||| DROPPING potion of attraction.
  7991 | D:9      | Noticed Prince Ribbit
  8000 | D:9      | Killed Prince Ribbit
  8034 | D:9      | Paralysed by a hornet for 3 turns
  8038 | D:9      | 8038 ||| INVOKING Fiery Armour.
  8038 | D:9      | HP: 21/96 [poisoned by a hornet]
  8039 | D:9      | 8039 ||| READING 4 scrolls of teleportation.
  8040 | D:9      | 8040 ||| DRINKING potion of heal wounds.
  8040 | D:9      | Paralysed by a hornet for 3 turns
  8046 | D:9      | HP: 24/96 [poisoned by a hornet]
  8051 | D:9      | HP: 24/96 [poisoned by a hornet]
  8146 | D:9      | 8146 ||| Stepping ~*~*~tactically~*~*~ (outnumbered).
  8147 | D:9      | 8147 ||| Stepping ~*~*~tactically~*~*~ (outnumbered).
  8148 | D:9      | 8148 ||| Stepping ~*~*~tactically~*~*~ (outnumbered).
  8149 | D:9      | 8149 ||| INVOKING Fiery Armour.
  8155 | D:9      | Reached skill level 13 in Unarmed Combat
  8161 | D:9      | HP: 23/96 [orc warrior/+0 glaive (9)]
  8162 | D:9      | 8162 ||| READING 3 scrolls of teleportation.
  8164 | D:9      | HP: 10/96 [orc warrior/+0 glaive (6)]
  8265 | D:9      | 8265 ||| Stepping ~*~*~tactically~*~*~ (outnumbered).
  8398 | D:9      | Noticed a white ugly thing
  8402 | D:9      | Killed a white ugly thing
  8425 | D:9      | Noticed Maggie
  8431 | D:9      | Killed Maggie
  8432 | D:9      | Reached skill level 14 in Unarmed Combat
  8487 | D:9      | Found a large runed translucent door.
  8487 | D:9      | Found a large runed translucent door.
  8531 | D:9      | Noticed a purple ugly thing
  8550 | D:9      | Killed a purple ugly thing
  8551 | D:9      | Reached skill level 6 in Fighting
  8551 | D:9      | 8551 ||| FLEEEEING.
  8552 | D:9      | 8552 ||| FLEEEEING.
  8553 | D:9      | 8553 ||| FLEEEEING.
  8554 | D:9      | 8554 ||| FLEEEEING.
  8555 | D:9      | 8555 ||| FLEEEEING.
  8557 | D:9      | 8557 ||| FLEEEEING.
  8560 | D:9      | 8560 ||| FLEEEEING.
  8561 | D:9      | 8561 ||| FLEEEEING.
  8562 | D:9      | 8562 ||| FLEEEEING.
  8563 | D:9      | 8563 ||| FLEEEEING.
  8564 | D:9      | 8564 ||| FLEEEEING.
  8565 | D:9      | 8565 ||| FLEEEEING.
  8566 | D:9      | 8566 ||| FLEEEEING.
  8567 | D:9      | 8567 ||| FLEEEEING.
  8568 | D:9      | 8568 ||| FLEEEEING.
  8569 | D:9      | 8569 ||| FLEEEEING.
  8570 | D:9      | 8570 ||| FLEEEEING.
  8571 | D:9      | 8571 ||| FLEEEEING.
  8572 | D:9      | 8572 ||| FLEEEEING.
  8573 | D:9      | 8573 ||| FLEEEEING.
  8574 | D:9      | 8574 ||| FLEEEEING.
  8575 | D:9      | 8575 ||| FLEEEEING.
  8579 | D:9      | 8579 ||| FLEEEEING.
  8586 | D:9      | 8586 ||| FLEEEEING.
  8587 | D:9      | 8587 ||| FLEEEEING.
  8588 | D:9      | 8588 ||| FLEEEEING.
  8589 | D:9      | 8589 ||| FLEEEEING.
  8590 | D:9      | 8590 ||| STAIRDANCE
  8701 | D:8      | 8701 ||| UPGRADING to +0 swamp dragon scales.
  8711 | D:8      | 8711 ||| DROPPING +1 robe of willpower.
  8712 | D:8      | 8712 ||| DROPPING +0 steam dragon scales.
  8713 | D:8      | 8713 ||| READING scroll labelled JIRAIBL CUUT.
  8740 | D:9      | Found a large runed translucent door.
  8742 | D:9      | Found a large runed translucent door.
  8743 | D:9      | Noticed a boulder beetle
  8767 | D:9      | Noticed a tengu warrior
  8773 | D:9      | Killed a tengu warrior
  8863 | D:9      | Noticed Joseph
  8864 | D:9      | 8864 ||| Stepping ~*~*~tactically~*~*~ (hiding).
  8873 | D:9      | Killed Joseph
  8874 | D:9      | Reached XP level 11. HP: 82/105 MP: 11/11
  8920 | D:9      | Found a white marble altar of Elyvilon.
  8933 | D:9      | 8933 ||| Stepping ~*~*~tactically~*~*~ (hiding).
  9005 | D:9      | 9005 ||| READING 2 scrolls of teleportation.
  9082 | D:9      | 9082 ||| READING scroll of enchant armour.
  9082 | D:9      | 9082 ||| ENCHANTING +0 swamp dragon scales.
  9382 | D:9      | 9382 ||| READING 2 scrolls of teleportation.
  9429 | D:10     | Entered Level 10 of the Dungeon
  9430 | D:10     | 9430 ||| STAIRDANCE
  9477 | D:10     | 9477 ||| STAIRDANCE
  9479 | D:9      | 9479 ||| Stepping ~*~*~tactically~*~*~ (outnumbered).
  9480 | D:9      | 9480 ||| Stepping ~*~*~tactically~*~*~ (outnumbered).
  9524 | D:10     | Found Ostoji's Armour Shoppe.
  9536 | D:10     | Found a radiant altar of Vehumet.
  9562 | D:10     | Noticed a two-headed ogre
  9568 | D:10     | Killed a two-headed ogre
  9569 | D:10     | Reached skill level 6 in Throwing
  9696 | D:10     | Found a staircase to the Lair.
  9802 | D:10     | Noticed Maurice
  9804 | D:10     | 9804 ||| INVOKING Fiery Armour.
  9809 | D:10     | Paralysed by Maurice for 3 turns
  9813 | D:10     | 9813 ||| Stepping ~*~*~tactically~*~*~ (outnumbered).
  9814 | D:10     | Paralysed by Maurice for 4 turns
  9819 | D:10     | 9819 ||| Stepping ~*~*~tactically~*~*~ (outnumbered).
  9820 | D:10     | 9820 ||| Stepping ~*~*~tactically~*~*~ (outnumbered).
  9821 | D:10     | 9821 ||| Stepping ~*~*~tactically~*~*~ (outnumbered).
  9826 | D:10     | 9826 ||| Stepping ~*~*~tactically~*~*~ (outnumbered).
  9827 | D:10     | 9827 ||| Stepping ~*~*~tactically~*~*~ (outnumbered).
  9828 | D:10     | 9828 ||| Stepping ~*~*~tactically~*~*~ (hiding).
  9829 | D:10     | 9829 ||| FLEEEEING.
  9830 | D:10     | 9830 ||| FLEEEEING.
  9831 | D:10     | 9831 ||| FLEEEEING.
  9832 | D:10     | 9832 ||| FLEEEEING.
  9833 | D:10     | 9833 ||| FLEEEEING.
  9834 | D:10     | 9834 ||| FLEEEEING.
  9835 | D:10     | 9835 ||| FLEEEEING.
  9842 | D:10     | 9842 ||| FLEEEEING.
  9843 | D:10     | 9843 ||| FLEEEEING.
  9844 | D:10     | 9844 ||| FLEEEEING.
  9845 | D:10     | 9845 ||| FLEEEEING.
  9846 | D:10     | 9846 ||| STAIRDANCE
  9907 | D:9      | 9907 ||| READING scroll labelled NOUTIO POZEB.
  9908 | D:9      | 9908 ||| READING 2 scrolls of identify.
  9908 | D:9      | 9908 ||| IDENTIFYING blue potion
  9909 | D:9      | 9909 ||| DROPPING potion of flight.
  9973 | D:10     | 9973 ||| INVOKING Fiery Armour.
 10106 | D:10     | 10106 ||| Stepping ~*~*~tactically~*~*~ (hiding).
 10112 | D:10     | 10112 ||| Stepping ~*~*~tactically~*~*~ (hiding).
 10136 | D:10     | 10136 ||| Stepping ~*~*~tactically~*~*~ (stealth).
 10149 | D:10     | Killed Maurice
 10264 | D:10     | 10264 ||| PLANNING LAIR
 10264 | D:10     | 10264 ||| UPGRADING to +0 cloak.
 10269 | D:10     | 10269 ||| DROPPING +6 ring of intelligence.
 10270 | D:10     | 10270 ||| READING scroll labelled IFOANO YXKOTEN.
 10270 | D:10     | Identified a scroll of acquirement
 10270 | D:10     | 10270 ||| ACQUIRING +0 robe of the Guardian {rF++ Regen+
                  | Str-4}
 10270 | D:10     | Acquired the +0 robe of the Guardian {rF++ Regen+ Str-4}
 10294 | D:10     | 10294 ||| Stepping ~*~*~tactically~*~*~ (hiding).
 10307 | D:10     | 10307 ||| INVOKING Fiery Armour.
 10309 | D:10     | Reached skill level 3 in Armour
 10395 | Lair:1   | Entered Level 1 of the Lair of Beasts
 10425 | Lair:1   | Reached skill level 15 in Unarmed Combat
 10491 | Lair:1   | 10491 ||| INVOKING Fiery Armour.
 10594 | Lair:1   | Found a blossoming altar of Fedhas.
 10595 | Lair:1   | 10595 ||| PLANNING TEMPLE
 10774 | Temple   | Entered the Ecumenical Temple
 10849 | Temple   | 10849 ||| PLANNING CONVERSION TO OKAWARU
 10856 | Temple   | Fell from the grace of Ignis
 10856 | Temple   | Became a worshipper of Warmaster Okawaru
 10857 | Temple   | 10857 ||| PLANNING LAIR
 11019 | Lair:1   | 11019 ||| Stepping ~*~*~tactically~*~*~ (outnumbered).
 11020 | Lair:1   | 11020 ||| Stepping ~*~*~tactically~*~*~ (outnumbered).
 11021 | Lair:1   | 11021 ||| Stepping ~*~*~tactically~*~*~ (outnumbered).
 11022 | Lair:1   | 11022 ||| Stepping ~*~*~tactically~*~*~ (outnumbered).
 11023 | Lair:1   | 11023 ||| Stepping ~*~*~tactically~*~*~ (outnumbered).
 11025 | Lair:1   | 11025 ||| Stepping ~*~*~tactically~*~*~ (outnumbered).
 11026 | Lair:1   | 11026 ||| Stepping ~*~*~tactically~*~*~ (outnumbered).
 11027 | Lair:1   | 11027 ||| Stepping ~*~*~tactically~*~*~ (outnumbered).
 11153 | Lair:1   | 11153 ||| Stepping ~*~*~tactically~*~*~ (stealth).
 11154 | Lair:1   | 11154 ||| Stepping ~*~*~tactically~*~*~ (outnumbered).
 11165 | Lair:1   | HP: 23/105 [fire elemental[the fiery vengeance of Ignis]
                  | (7)]
 11166 | Lair:1   | 11166 ||| READING scroll of teleportation.
 11167 | Lair:1   | HP: 4/105 [fire elemental[the fiery vengeance of Ignis]
                  | (8)]
 11168 | Lair:1   | Slain by a fire elemental

Levels and vault maps discovered:
D:1:      tarquinn_simple_flora_water_f, layout_rooms
D:2:      layout_loops_corners, shapermc_ecumenical_altar_notcrosses,
          serial_park_tiny_1, kennysheep_generic_room_4
D:3:      layout_basic, nicolae_overflow_squiral, portal_sewer_entry_b
D:4:      layout_layer_cave, gammafunk_ghost_grave, uniq_eustachio, uniq_edmund
D:5:      layout_loops_ring, nicolae_qazlal_general_emergency,
          minmay_temple_entry_poolview, uniq_ijyb
D:6:      layout_rooms, mainiacjoe_overflow_brackets, fountainhead,
          serial_park_tiny_2, skrybe_limestone_x, pf_guarded_unrand_meek,
          uniq_blork_the_orc
D:7:      layout_basic, grunt_ministairs_9, nicolae_inconvenience_store
D:8:      layout_basic, mainiacjoe_overflow_24_doors, gammafunk_ghost_grave,
          serial_shops, nicolae_diamond_shop, grunt_ministairs_15,
          nrook_pool_corridor
D:9:      layout_irregular_city, amcnicky_altar_gilded, minmay_crystal_room,
          minmay_hollow_rounded_squares, uniq_joseph, uniq_maggie,
          uniq_prince_ribbit1
D:10:     layout_basic, vehumet_crystals, david_lair_shrubbed, serial_shops,
          nicolae_shop_advertising_works [nicolae_subvault_shop_adworks],
          uniq_maurice
Temple:   nicolae_temple_superstar
Lair:1:   layout_misc_corridors, hangedman_tree_tricks, minmay_shattered_shrine

Skill      XL: |  1  2  3  4  5  6  7  8  9 10 11 |
---------------+----------------------------------+-----
Unarmed Combat | 4 5 6 8 10 12 14 15 | 15.6
Throwing       | 1 3 5 6 |  6.3
Fighting       | 3 4 5 6 |  6.1
Dodging        | 1 |  1.1
Armour         | 2 3 |  3.1
Spellcasting   | |  1.0
Fire Magic     | |  2.1

Action                   |  1- 3 |  4- 6 |  7- 9 | 10-12 || total
-------------------------+-------+-------+-------+-------++-------
Melee: Unarmed           |    99 |   193 |   263 |   262 ||   817
       Punch             |     2 |     2 |    12 |    11 ||    27
Throw: Javelin           |       |    10 |    17 |    19 ||    46
       Large rock        |       |    10 |    45 |    21 ||    76
       Boomerang         |       |       |     8 |     4 ||    12
Invok: Fiery Armour      |       |     1 |     4 |     7 ||    12
  Use: Scroll            |     3 |     2 |     8 |    14 ||    27
       Potion            |     2 |     1 |     4 |     1 ||     8
Armor: Robe              |    25 |    74 |    71 |    24 ||   194
       Swamp dragon scal |       |       |       |    96 ||    96
Dodge: Dodged            |    37 |    79 |   106 |   117 ||   339

Table legend:
 A = Non-vault XP
 B = Vault XP
 C = Vault XP percentage of total XP
 D = Non-vault monster count
 E = Vault monster count
 F = Vault count percentage of total count
                 A         B        C        D         E       F
            +---------+---------+-------+---------+---------+-------
      Total |   12970 |    5203 |  28.6 |     231 |      73 |  24.0
            +---------+---------+-------+---------+---------+-------
        D:1 |      37 |       0 |   0.0 |      23 |       0 |   0.0
        D:2 |      62 |       0 |   0.0 |      23 |       0 |   0.0
        D:3 |      91 |      15 |  14.2 |      23 |       3 |  11.5
        D:4 |     532 |     355 |  40.0 |      26 |       2 |   7.1
        D:5 |     392 |      36 |   8.4 |      17 |       1 |   5.6
        D:6 |    1245 |     329 |  20.9 |      24 |      11 |  31.4
        D:7 |    1365 |     138 |   9.2 |      26 |       2 |   7.1
        D:8 |     723 |     134 |  15.6 |      14 |       4 |  22.2
        D:9 |    2829 |    3087 |  52.2 |      22 |      10 |  31.2
       D:10 |    3109 |     513 |  14.2 |      22 |       2 |   8.3
     Lair:1 |    2585 |     339 |  11.6 |      11 |       2 |  15.4
      Sewer |       0 |     257 | 100.0 |       0 |      36 | 100.0
            +---------+---------+-------+---------+---------+-------
